[Event "*** Titled Tuesday Blitz"]
[Site "Chess.com"]
[Date "2020.05.12"]
[Round "7"]
[White "Caterpiller35"]
[Black "reniite"]
[Result "1-0"]
[WhiteElo "2362"]
[BlackElo "1943"]
[TimeControl "180+1"]
[EndTime "11:11:35 PDT"]
[Termination "Caterpiller35 won by resignation"]

1. d4 Nf6 2. Bg5 Ne4 3. Bf4 g6 4. f3 Nd6 5. e4 Bg7 6. Nc3 O-O 7. h4 h5 8. e5 Nf5 9. g4 hxg4 10. fxg4 Nh6 11. h5 gxh5 12. Rxh5 1-0

[Event "*** Titled Tuesday Blitz"]
[Site "Chess.com"]
[Date "2020.05.12"]
[Round "7"]
[White "archess2"]
[Black "harkerchess"]
[Result "1-0"]
[WhiteElo "2318"]
[BlackElo "1993"]
[TimeControl "180+1"]
[EndTime "11:11:40 PDT"]
[Termination "archess2 won by resignation"]

1. d4 d5 2. c4 c6 3. cxd5 cxd5 4. Nc3 Nf6 5. Nf3 a6 6. Bf4 e6 7. e3 Be7 8. Bd3 O-O 9. O-O Nc6 10. Rc1 Bd7 11.
Ne5 Rc8 12. Qf3 Be8 13. Qh3 Bd7 14. Nxd5 exd5 15. Nxd7 Qxd7 16. Bxh7+ Kh8 17. Bf5+ 1-0

[Event "*** Titled Tuesday Blitz"]
[Site "Chess.com"]
[Date "2020.05.12"]
[Round "7"]
[White "DrVitman"]
[Black "temus_galaktionov"]
[Result "1/2-1/2"]
[WhiteElo "2562"]
[BlackElo "2736"]
[TimeControl "180+1"]
[EndTime "11:11:51 PDT"]
[Termination "Game drawn by repetition"]

1. e4 c6 2. Nf3 g6 3. Nc3 Bg7 4. d4 d6 5. h3 Nd7 6. Be3 e5 7.
dxe5 dxe5 8. Bc4 Ngf6 9. Qd6 Bf8 10. Qd2 Bg7 11. O-O-O Qa5 12. Qd6 h6 13. Bb3 Bf8 14. Qd3 Bg7 15. Qd6 Bf8 16. Qd3 Bg7 17. Qd6 1/2-1/2

[Event "*** Titled Tuesday Blitz"]
[Site "Chess.com"]
[Date "2020.05.12"]
[Round "7"]
[White "CHENNAIBOND"]
[Black "CMS13"]
[Result "0-1"]
[WhiteElo "1258"]
[BlackElo "2172"]
[TimeControl "180+1"]
[EndTime "11:12:02 PDT"]
[Termination "CMS13 won by resignation"]

1. e4 e5 2. Nf3 Nc6 3. Bc4 Nf6 4. d3 Be7 5. c3 O-O 6. O-O d6 7. h3 Kh8 8. b4 Ng8 9. Qb3 f5 10.
Re1 Qe8 11. Bg5 Nf6 12. exf5 Bxf5 13. d4 e4 14. Nh2 Qg6 15. Bf4 Bxh3 16. g3 0-1

[Event "*** Titled Tuesday Blitz"]
[Site "Chess.com"]
[Date "2020.05.12"]
[Round "7"]
[White "tan275"]
[Black "WeAintSurePal"]
[Result "0-1"]
[WhiteElo "2178"]
[BlackElo "2351"]
[TimeControl "180+1"]
[EndTime "11:12:09 PDT"]
[Termination "WeAintSurePal won by resignation"]

1. d4 d5 2. c4 e6 3. Nf3 Nf6 4. Nc3 Be7 5. Bg5 O-O 6. e3 h6 7. Bxf6 Bxf6 8. Rc1 c5 9. dxc5 Qa5 10. cxd5 exd5 11. Qxd5 Nc6 12. Be2 Be6 13. Qd2 Rfd8 14. Qc2 Nb4 15. Qa4 Bxc3+ 0-1

[Event "*** Titled Tuesday Blitz"]
[Site "Chess.com"]
[Date "2020.05.12"]
[Round "7"]
[White "RATNAKARAN"]
[Black "GuerrieroFromLevant"]
[Result "1-0"]
[WhiteElo "2571"]
[BlackElo "2384"]
[TimeControl "180+1"]
[EndTime "11:12:13 PDT"]
[Termination "RATNAKARAN won by resignation"]

1. e4 e6 2. d3 d5 3. Nd2 Nf6 4. Ngf3 Be7 5. Be2 O-O 6. O-O c5 7. exd5 exd5 8. d4 c4 9. b3 c3 10. Nb1 Qc7 11. Ne5 Nbd7 12. Bf4 Bd6 13. Nxd7 Bxf4 14.
Nxf6+ gxf6 15. g3 Bd6 16. Qd3 Bh3 17. Re1 Rac8 18. a4 Rfe8 19. Na3 a6 20. g4 Bxa3 21. Qxh3 Bb2 22. Bd3 Re6 23. Qxh7+ Kf8 24. Qh6+ Ke7 25. Rxe6+ fxe6 26. Re1 Rf8 27. Bf5 1-0

[Event "*** Titled Tuesday Blitz"]
[Site "Chess.com"]
[Date "2020.05.12"]
[Round "7"]
[White "kleinebeer98"]
[Black "babyking1205"]
[Result "1-0"]
[WhiteElo "2665"]
[BlackElo "2481"]
[TimeControl "180+1"]
[EndTime "11:12:42 PDT"]
[Termination "kleinebeer98 won by resignation"]

1. e4 c5 2. Nf3 d6 3. d4 cxd4 4. Nxd4 Nf6 5. Nc3 a6 6. a3 e5 7.
Nf5 d5 8. Bg5 d4 9. Bxf6 gxf6 10. Nb1 Be6 11. Nd2 Nd7 12. g3 Rc8 13. Bg2 Qb6 14.
b3 h5 15. h4 Rc3 16. O-O Rg8 17.
Nc4 Bxf5 18. exf5 d3 19. Nxb6 1-0

[Event "*** Titled Tuesday Blitz"]
[Site "Chess.com"]
[Date "2020.05.12"]
[Round "7"]
[White "Bacyanide"]
[Black "Gennady_Kozlov"]
[Result "0-1"]
[WhiteElo "2423"]
[BlackElo "2610"]
[TimeControl "180+1"]
[EndTime "11:12:46 PDT"]
[Termination "Gennady_Kozlov won by resignation"]

1. d4 e6 2. Nf3 Nf6 3. Bf4 Be7 4. e3 b6 5. h3 Bb7 6. Bd3 O-O 7. O-O d6 8. a4 Nbd7 9. a5 bxa5 10. Nbd2 Nd5 11.
Bh2 f5 12. Nc4 Nb4 13. Nxa5 Bxf3 14. Qxf3 Nxd3 15. cxd3 Nb6 16. Qc6 Bg5 17. f4 Bf6 18.
Qc4 Nxc4 0-1

[Event "*** Titled Tuesday Blitz"]
[Site "Chess.com"]
[Date "2020.05.12"]
[Round "7"]
[White "LawrenceTrent"]
[Black "KaterynaLagno"]
[Result "0-1"]
[WhiteElo "2530"]
[BlackElo "2692"]
[TimeControl "180+1"]
[EndTime "11:12:55 PDT"]
[Termination "KaterynaLagno won by resignation"]

1. e4 e5 2. Nf3 Nc6 3. Bb5 g6 4. d4 exd4 5. Bg5 Be7 6. h4 a6 7. Bxc6 dxc6 8. Bxe7 Qxe7 9. Qxd4 Nf6 10. Nbd2 c5 11. Qc3 Bg4 12. Ne5 O-O-O 13. f3 Be6 14. a4 Rd4 15. Rd1 Rhd8 16. Ke2 Nh5 17. Kf2 Qd6 18. Nd3 c4 19. e5 Qb6 20. a5 Qa7 21. Ne4 0-1

[Event "*** Titled Tuesday Blitz"]
[Site "Chess.com"]
[Date "2020.05.12"]
[Round "7"]
[White "Hippotaner"]
[Black "davidkalashian"]
[Result "1-0"]
[WhiteElo "2365"]
[BlackElo "2502"]
[TimeControl "180+1"]
[EndTime "11:12:58 PDT"]
[Termination "Hippotaner won by checkmate"]

1. Nf3 Nf6 2. g3 e6 3. Bg2 d5 4.
O-O c5 5. d3 Nc6 6. Nbd2 Be7 7.
e4 Qc7 8. Re1 O-O 9. e5 Nd7 10.
Qe2 b5 11. a4 b4 12. b3 a5 13. Bb2 Ba6 14. h4 Rfc8 15. Nf1 Nb6 16. Bh3 c4 17. Ne3 cxd3 18. cxd3 Nd7 19. Rac1 Qb6 20. Kg2 Nc5 21. Rxc5 Bxc5 22. Ng5 h6 23. Nxf7 Kxf7 24. Qh5+ Kg8 25.
Bxe6+ Kh8 26. Nxd5 Qb7 27. Bxc8 Rxc8 28. e6 Ne7 29.
Qxh6+ Kg8 30. Qxg7# 1-0

[Event "*** Titled Tuesday Blitz"]
[Site "Chess.com"]
[Date "2020.05.12"]
[Round "7"]
[White "grunbergmihai"]
[Black "SameerMujumdar"]
[Result "1-0"]
[WhiteElo "2402"]
[BlackElo "2189"]
[TimeControl "180+1"]
[EndTime "11:13:01 PDT"]
[Termination "grunbergmihai won by resignation"]

1. Nf3 Nf6 2. c4 g6 3. g3 Bg7 4. Bg2 O-O 5. O-O d6 6. d4 c6 7. Nc3 a6 8. e4 Nbd7 9. e5 Ne8 10. e6 fxe6 11. Ng5 Ndf6 12. Re1 Nc7 13. Qe2 Kh8 14. h4 d5 15. c5 Nh5 16. Bf3 Nf6 17. Bf4 Nb5 18.
Nxb5 axb5 19. Nxe6 Bxe6 20. Qxe6 Ne4 21. Bxe4 dxe4 22.
Rxe4 Ra4 23. Qxe7 Rxd4 24. Rae1 h6 25. Rxd4 Qxd4 26. Qxf8+ 1-0

[Event "*** Titled Tuesday Blitz"]
[Site "Chess.com"]
[Date "2020.05.12"]
[Round "7"]
[White "robertofabregas"]
[Black "allvim"]
[Result "0-1"]
[WhiteElo "2089"]
[BlackElo "2268"]
[TimeControl "180+1"]
[EndTime "11:13:03 PDT"]
[Termination "allvim won by resignation"]

1. d4 Nf6 2. Bf4 d5 3. e3 c5 4. c3 Nc6 5. Nd2 e6 6. Ngf3 Bd6 7. Bg3 O-O 8. Be2 cxd4 9. exd4 Re8 10. O-O e5 11.
Nxe5 Nxe5 12. dxe5 Bxe5 13. Nf3 Bxg3 14. hxg3 Qb6 15.
Rb1 Bd7 16. Nd4 Re7 17. Bf3 Rae8 18. Qd2 Ne4 19. Qc2 Rc8 20. Rfe1 Qxd4 21. Bxe4 dxe4 22. Rbd1 Qb6 0-1

[Event "*** Titled Tuesday Blitz"]
[Site "Chess.com"]
[Date "2020.05.12"]
[Round "7"]
[White "praveenb2002"]
[Black "Karacsonyi_Gellert"]
[Result "1-0"]
[WhiteElo "2715"]
[BlackElo "2486"]
[TimeControl "180+1"]
[EndTime "11:13:09 PDT"]
[Termination "praveenb2002 won by resignation"]

1. e4 c5 2. Nf3 Nc6 3. d4 cxd4 4. Nxd4 g6 5. Nc3 Bg7 6. Be3 Nf6 7. f3 O-O 8. Bc4 Qb6 9. Bb3 Nxe4 10. Nd5 Qa5+ 11. c3 Nc5 12. Nxc6 dxc6 13. Nxe7+ Kh8 14.
Nxc8 Raxc8 15. O-O Rcd8 16. Qc2 a6 17. Bc4 Ne6 18.
Rae1 b5 19. Bb3 Qc7 20. Qf2 Rde8 21. f4 a5 22. f5 a4 23. Bc2 Nd8 24. f6 1-0

[Event "*** Titled Tuesday Blitz"]
[Site "Chess.com"]
[Date "2020.05.12"]
[Round "7"]
[White "CuattroPrincesses"]
[Black "Semetey"]
[Result "0-1"]
[WhiteElo "2279"]
[BlackElo "2545"]
[TimeControl "180+1"]
[EndTime "11:13:10 PDT"]
[Termination "Semetey won by resignation"]

1. e4 c6 2. c4 d5 3. cxd5 cxd5 4. exd5 Nf6 5. Nc3 a6 6. a4 Nxd5 7. Nf3 Nc6 8. d4 Bg4 9. Bc4 e6 10. Be3 Bb4 11. Qb3 O-O 12. Ne5 Nxe5 13. dxe5 Nxe3 14. fxe3 Bc5 15. Ne4 Qa5+ 16. Kf2 Rad8 17. h3 Bf5 18.
Nxc5 Rd2+ 19. Kf3 Qxc5 20. Qc3 Rc2 0-1

[Event "*** Titled Tuesday Blitz"]
[Site "Chess.com"]
[Date "2020.05.12"]
[Round "7"]
[White "atalz0"]
[Black "scabies1"]
[Result "1-0"]
[WhiteElo "2440"]
[BlackElo "2236"]
[TimeControl "180+1"]
[EndTime "11:13:14 PDT"]
[Termination "atalz0 won by resignation"]

1. d4 Nf6 2. c4 e6 3. Nc3 Bb4 4. Qc2 c5 5. dxc5 Bxc5 6. Nf3 O-O 7. Bg5 Be7 8. Rd1 a6 9. e4 Nc6 10. Be2 Qc7 11. O-O Ne5 12. Nxe5 Qxe5 13. Qd2 d6 14. Bf4 Qa5 15. Nd5 1-0

[Event "*** Titled Tuesday Blitz"]
[Site "Chess.com"]
[Date "2020.05.12"]
[Round "7"]
[White "GjakanTati"]
[Black "Raja3401"]
[Result "0-1"]
[WhiteElo "2649"]
[BlackElo "2785"]
[TimeControl "180+1"]
[EndTime "11:13:18 PDT"]
[Termination "Raja3401 won on time"]

1. d4 Nf6 2. c4 e6 3. Nf3 d5 4. Nc3 c6 5. e3 Nbd7 6. Bd3 dxc4 7.
Bxc4 b5 8. Bb3 a6 9. O-O Bb7 10.
a4 b4 11. Ne2 c5 12. Ng3 h5 0-1

[Event "*** Titled Tuesday Blitz"]
[Site "Chess.com"]
[Date "2020.05.12"]
[Round "7"]
[White "Gurvich_Vitaly"]
[Black "ljuks68"]
[Result "0-1"]
[WhiteElo "2546"]
[BlackElo "2397"]
[TimeControl "180+1"]
[EndTime "11:13:25 PDT"]
[Termination "ljuks68 won by resignation"]

1. e4 e6 2. d4 d5 3. Nd2 Nf6 4. e5 Nfd7 5. Bd3 c5 6. c3 Nc6 7. Ne2 cxd4 8. cxd4 f6 9. exf6 Qxf6 10. Nf3 h6 11.
O-O Bd6 12. Ng3 O-O 13. Re1 Rd8 14. Bb1 Nf8 15. a3 Bd7 16. b4 a6 17. Ra2 Be8 18.
Rae2 Rac8 19. Bb2 Bf7 20. Ne5 Bxe5 21. dxe5 Qh4 22. Qd2 Bg6 23. Ba2 Bh7 24. h3 Ng6 25. Re3 Nf4 26. Rf3 Rf8 27. Bc1 Nxh3+ 28. Kf1 Rxf3 29.
gxf3 Rf8 30. Re3 Nf4 31. Rc3 Nxe5 32. Qd4 Ned3 33. Be3 Qh3+ 0-1

[Event "*** Titled Tuesday Blitz"]
[Site "Chess.com"]
[Date "2020.05.12"]
[Round "7"]
[White "Manukyan_Artak"]
[Black "yobdc"]
[Result "0-1"]
[WhiteElo "2421"]
[BlackElo "1918"]
[TimeControl "180+1"]
[EndTime "11:13:30 PDT"]
[Termination "yobdc won by resignation"]

1. e4 c6 2. d4 d5 3. e5 Bf5 4.
c4 dxc4 5. Bxc4 e6 6. Nc3 Nd7 7. Nf3 Nb6 8. Bb3 Bg4 9. Be3 Ne7 10. h3 Bh5 11. g4 Bg6 12. Qe2 Ned5 13. Bd2 Be7 14. h4 h5 15. g5 Qd7 16. Ne4 Nc7 17.
Rc1 a5 18. a3 a4 19. Ba2 Nb5 20. Be3 Bxe4 0-1

[Event "*** Titled Tuesday Blitz"]
[Site "Chess.com"]
[Date "2020.05.12"]
[Round "7"]
[White "ChelsieMonica"]
[Black "PIwan"]
[Result "1-0"]
[WhiteElo "2359"]
[BlackElo "2500"]
[TimeControl "180+1"]
[EndTime "11:13:31 PDT"]
[Termination "ChelsieMonica won by resignation"]

1. c4 c6 2. Nf3 d5 3. e3 Nf6 4. Nc3 Bg4 5. h3 Bxf3 6. Qxf3 e6 7. d4 Bd6 8. g4 O-O 9. g5 Ne4 10.
Nxe4 dxe4 11. Qxe4 Bb4+ 12. Bd2 Bxd2+ 13. Kxd2 Qa5+ 14.
Kc2 Qxg5 15. Bd3 g6 16. h4 Qf6 17. f4 Na6 18. a3 Rfd8 19. h5 c5 20. hxg6 hxg6 21.
Rag1 Kg7 22. Qxb7 cxd4 23. Rxg6+ Qxg6 24. Bxg6 Nc5 25. Qe7 1-0

[Event "*** Titled Tuesday Blitz"]
[Site "Chess.com"]
[Date "2020.05.12"]
[Round "7"]
[White "Trickov"]
[Black "Anna_ChessMate"]
[Result "1-0"]
[WhiteElo "2313"]
[BlackElo "2484"]
[TimeControl "180+1"]
[EndTime "11:13:31 PDT"]
[Termination "Trickov won on time"]

1. d4 Nf6 2. Nf3 g6 3. c4 Bg7 4. g3 O-O 5. Bg2 d5 6. O-O c6 7.
Qb3 dxc4 8. Qxc4 Be6 9. Qc2 Nbd7 10. Nc3 h6 11. e4 Nb6 12. h3 1-0

[Event "*** Titled Tuesday Blitz"]
[Site "Chess.com"]
[Date "2020.05.12"]
[Round "7"]
[White "Drags95"]
[Black "chessplayer9919"]
[Result "1-0"]
[WhiteElo "2718"]
[BlackElo "2487"]
[TimeControl "180+1"]
[EndTime "11:13:34 PDT"]
[Termination "Drags95 won on time"]

1. e4 c6 2. Nf3 d5 3. d3 dxe4 4. dxe4 Qxd1+ 5. Kxd1 Bg4 6. Nd2 Nd7 7. h3 Bxf3+ 8. Nxf3 O-O-O 9. Bd3 f6 10. Be3 e5 11.
Ke2 1-0

[Event "*** Titled Tuesday Blitz"]
[Site "Chess.com"]
[Date "2020.05.12"]
[Round "7"]
[White "Sven_Tica"]
[Black "Baronessa08"]
[Result "0-1"]
[WhiteElo "2634"]
[BlackElo "2472"]
[TimeControl "180+1"]
[EndTime "11:13:37 PDT"]
[Termination "Baronessa08 won by resignation"]

1. d4 d5 2. c4 dxc4 3. Nf3 Nf6 4. e3 e6 5. Bxc4 a6 6. O-O b5 7. Be2 Bb7 8. b3 c5 9. Bb2 Nc6 10. a4 b4 11. Nbd2 Be7 12. Nc4 O-O 13. a5 Nd5 14.
Qd2 cxd4 15. Nxd4 Nxd4 16. Bxd4 Nc3 17. Bf3 Bxf3 18. gxf3 Bf6 19. Bxc3 bxc3 0-1

[Event "*** Titled Tuesday Blitz"]
[Site "Chess.com"]
[Date "2020.05.12"]
[Round "7"]
[White "Robert_Chessmood"]
[Black "Bathory44"]
[Result "0-1"]
[WhiteElo "2926"]
[BlackElo "2608"]
[TimeControl "180+1"]
[EndTime "11:13:38 PDT"]
[Termination "Bathory44 won on time"]

1. e4 e6 2. d4 d5 3. Nc3 Nf6 4. Bg5 Be7 5. e5 Nfd7 6. h4 h6 7. Bxe7 Qxe7 8. f4 O-O 9. Nf3 c5 10. Qd2 Nc6 11. O-O-O a6 12. g4 b5 13. g5 h5 0-1

[Event "*** Titled Tuesday Blitz"]
[Site "Chess.com"]
[Date "2020.05.12"]
[Round "7"]
[White "Pedrada88"]
[Black "tacticthunder"]
[Result "0-1"]
[WhiteElo "2385"]
[BlackElo "2611"]
[TimeControl "180+1"]
[EndTime "11:13:39 PDT"]
[Termination "tacticthunder won by resignation"]

1. Nf3 Nf6 2. g3 b5 3. Bg2 Bb7 4. d3 e6 5. e4 c5 6. O-O d5 7. e5 Nfd7 8. c4 bxc4 9. dxc4 d4 10. b4 cxb4 11. Qxd4 Nc6 12. Qf4 Qc7 13. Bb2 Be7 14. a3 O-O 15. axb4 Nxb4 16. Rd1 Nc5 17.
Ne1 Rfd8 18. Nc3 Nbd3 19. Nxd3 Nxd3 20. Qd2 Bxg2 21. Kxg2 Qb7+ 22. f3 Nxb2 23. Qe2 Nxd1 0-1

[Event "*** Titled Tuesday Blitz"]
[Site "Chess.com"]
[Date "2020.05.12"]
[Round "7"]
[White "1f3_2g41-0"]
[Black "OhanyanEminChess"]
[Result "1-0"]
[WhiteElo "2313"]
[BlackElo "2446"]
[TimeControl "180+1"]
[EndTime "11:13:44 PDT"]
[Termination "1f3_2g41-0 won on time"]

1. e4 e5 2. Nf3 Nc6 3. Bb5 f5 4. d3 fxe4 5. dxe4 Nf6 6. O-O Bc5 7. Bg5 d6 8. h3 O-O 9. Nc3 Kh8 10. Nd5 a6 11.
Bc4 Be6 12. Nxf6 1-0

[Event "*** Titled Tuesday Blitz"]
[Site "Chess.com"]
[Date "2020.05.12"]
[Round "7"]
[White "Hanging_pointer"]
[Black "GeorgMeier"]
[Result "0-1"]
[WhiteElo "2596"]
[BlackElo "3009"]
[TimeControl "180+1"]
[EndTime "11:13:46 PDT"]
[Termination "GeorgMeier won by resignation"]

1. d4 e6 2. c4 b6 3. Nc3 Bb7 4. Nf3 Bb4 5. Qc2 Nf6 6. e3 Ne4 7. Bd2 Bxc3 8. Bxc3 d6 9. Be2 Nd7 10. O-O Nxc3 11. Qxc3 a5 12. Nd2 O-O 13. Bf3 Bxf3 14. Nxf3 Nf6 15. Qd3 Qe7 16. e4 e5 17. d5 g6 18. b3 Nd7 19. a3 f5 20. Nd2 Nc5 21. Qc2 Nxe4 22. Nxe4 fxe4 23. Qxe4 Rf4 24. Qc2 Raf8 25.
f3 g5 26. Rae1 Qf6 27. Re4 g4 28. Rxf4 Qxf4 29. Qe2 Qd4+ 30. Qf2 Rf4 31. Qxd4 Rxd4 32. fxg4 Rxg4 33. Rf3 a4 0-1

[Event "*** Titled Tuesday Blitz"]
[Site "Chess.com"]
[Date "2020.05.12"]
[Round "7"]
[White "MikaelyanArman"]
[Black "doons21"]
[Result "0-1"]
[WhiteElo "2669"]
[BlackElo "2537"]
[TimeControl "180+1"]
[EndTime "11:13:48 PDT"]
[Termination "doons21 won on time"]

1. d4 Nf6 2. c4 g6 3. Nc3 Bg7 4. e4 O-O 5. Nge2 d6 6. Ng3 c5 7. d5 e6 8. Be2 exd5 9. cxd5 Re8 10. O-O a6 11. a4 Nbd7 12. Be3 Qc7 13. Qd2 c4 0-1

[Event "*** Titled Tuesday Blitz"]
[Site "Chess.com"]
[Date "2020.05.12"]
[Round "7"]
[White "Supernotar"]
[Black "TengisChess"]
[Result "1-0"]
[WhiteElo "2756"]
[BlackElo "2494"]
[TimeControl "180+1"]
[EndTime "11:13:51 PDT"]
[Termination "Supernotar won by resignation"]

1. d4 Nf6 2. c4 g6 3. Nc3 Bg7 4. e4 O-O 5. Be2 c5 6. d5 d6 7. Nf3 Na6 8. O-O Nc7 9. a4 a6 10. Qc2 Rb8 11. a5 Bg4 12. h3 Bxf3 13. Bxf3 b5 14.
axb6 Rxb6 15. b3 Qb8 16. Ra3 Nd7 17. Be2 a5 18. Nb5 Nxb5 19. cxb5 Rxb5 20. Bxb5 Qxb5 21. Bd2 Ra8 22. Bc3 Bxc3 23. Qxc3 Qb4 24. Qxb4 cxb4 25. Ra2 Nc5 26. Rb1 Nxe4 27. Rba1 Rc8 28. Rxa5 Rc3 29.
Re1 Nf6 30. Rxe7 Nxd5 31. Rxd5 1-0

[Event "*** Titled Tuesday Blitz"]
[Site "Chess.com"]
[Date "2020.05.12"]
[Round "7"]
[White "Berardino"]
[Black "TrenerChos"]
[Result "1-0"]
[WhiteElo "2611"]
[BlackElo "2391"]
[TimeControl "180+1"]
[EndTime "11:13:53 PDT"]
[Termination "Berardino won by resignation"]

1. d4 Nf6 2. Nf3 g6 3. c3 Bg7 4. Nbd2 O-O 5. e4 d6 6. Be2 Nbd7 7. O-O e5 8. dxe5 Nxe5 9. Nxe5 dxe5 10. Qc2 Qe7 11.
a4 Bh6 12. b3 Rd8 13. Ba3 Qe8 14. Nc4 a6 15. a5 Bd7 16. Rfe1 Bc6 17. Bf1 Bb5 18. Ne3 Bxf1 19. Rxf1 Bxe3 20. fxe3 Qc6 21. Be7 Nxe4 22. Bxd8 Rxd8 23. Rad1 Rxd1 24. Rxd1 Nxc3 25. Rd3 Nb5 26. Qxc6 bxc6 27. Rd8+ Kg7 28. Ra8 f5 29. Rxa6 e4 30. Rxc6 Kf7 31. a6 Ke7 32. a7 Nxa7 33.
Rxc7+ 1-0

[Event "*** Titled Tuesday Blitz"]
[Site "Chess.com"]
[Date "2020.05.12"]
[Round "7"]
[White "artooon"]
[Black "GOGIEFF"]
[Result "0-1"]
[WhiteElo "2730"]
[BlackElo "2952"]
[TimeControl "180+1"]
[EndTime "11:13:54 PDT"]
[Termination "GOGIEFF won by checkmate"]

1. e4 c5 2. Nf3 d6 3. d4 cxd4 4. Nxd4 Nf6 5. Nc3 a6 6. Bg5 Nbd7 7. Bc4 Qa5 8. Qd2 e6 9. O-O Be7 10. f4 Qc5 11. Bb3 e5 12. fxe5 dxe5 13. Be3 exd4 14. Bxd4 Qxd4+ 15. Qxd4 Bc5 16. Qxc5 Nxc5 17. e5 Nxb3 18.
Rae1 Ng4 19. axb3 O-O 20. Nd5 Be6 21. c4 Rad8 22. h3 Nh6 23. Rd1 Nf5 24. g4 Bxd5 25. gxf5 Bc6 26. Rd6 g6 27. Rfd1 Rde8 28. Re1 gxf5 29. Rf6 Be4 30. Kf2 Rxe5 31. Rg1+ Kh8 32. Kg3 Rg8+ 33. Kf4 Rxg1 34. Kxe5 Kg7 35. Rb6 Re1 36.
Kf4 Rf1+ 37. Ke5 Bh1 38. h4 f4 39. h5 h6 40. b4 f3 41. Rf6 Re1+ 42. Kf5 f2 43. Kg4 Kxf6 44. Kg3 f1=Q 45. Kh2 Qg2# 0-1

[Event "*** Titled Tuesday Blitz"]
[Site "Chess.com"]
[Date "2020.05.12"]
[Round "7"]
[White "Irishchessman16"]
[Black "DaggiGretarsson"]
[Result "1-0"]
[WhiteElo "2427"]
[BlackElo "2569"]
[TimeControl "180+1"]
[EndTime "11:13:58 PDT"]
[Termination "Irishchessman16 won by resignation"]

1. e4 g6 2. d4 Bg7 3. Nc3 d6 4. f4 a6 5. Nf3 b5 6. Bd3 Nd7 7. O-O c5 8. e5 cxd4 9. Ne4 dxe5 10. fxe5 Nxe5 11. Nxe5 Bxe5 12. Qf3 Be6 13. Ng5 Bd5 14. Be4 Bxe4 15. Qxf7+ Kd7 16. Qe6+ Kc7 17. Qxe5+ Qd6 18. Qxh8 Nf6 19. Nxe4 Qc6 20. Qg7 Qxe4 21. Bf4+ Kb6 22. Rae1 Qxc2 23. Rxe7 Nd5 24. Qxd4+ Ka5 25. Qxd5 Rc8 26.
Bd2+ Ka4 27. Re4+ Rc4 28. b3+ Ka3 29. bxc4 1-0

[Event "*** Titled Tuesday Blitz"]
[Site "Chess.com"]
[Date "2020.05.12"]
[Round "7"]
[White "BvsN"]
[Black "Rhinos1"]
[Result "0-1"]
[WhiteElo "2358"]
[BlackElo "2200"]
[TimeControl "180+1"]
[EndTime "11:14:04 PDT"]
[Termination "Rhinos1 won by resignation"]

1. d4 Nf6 2. c4 d5 3. cxd5 Nxd5 4. Nf3 c6 5. e4 Nf6 6. Nc3 e6 7. Be2 Be7 8. O-O O-O 9. Re1 Nbd7 10. e5 Nd5 11. Nxd5 cxd5 12. Bd3 Re8 13. h4 Nf8 14.
Ng5 h6 15. Nf3 Bxh4 16. Nxh4 Qxh4 17. Re3 Ng6 18. Bxg6 fxg6 19. Rh3 Qe4 20. Re3 Qh4 21. g3 Qe7 22. Rf3 Bd7 23. Bd2 Rf8 24. Rc1 Rxf3 25.
Qxf3 Rf8 26. Qe2 Bc6 27. Qg4 Kh7 28. Kg2 Rf5 29. Rh1 Bb5 30. Qh3 Qf8 31. Be3 Bd3 32.
Rc1 Be4+ 33. Kg1 Rf3 34. Rc3 Rf5 35. Rc7 Rh5 36. Qxh5 gxh5 37. Rxb7 Qf3 0-1

[Event "*** Titled Tuesday Blitz"]
[Site "Chess.com"]
[Date "2020.05.12"]
[Round "7"]
[White "mamey78"]
[Black "Artem_Sadovsky"]
[Result "1-0"]
[WhiteElo "2376"]
[BlackElo "2525"]
[TimeControl "180+1"]
[EndTime "11:14:08 PDT"]
[Termination "mamey78 won by checkmate"]

1. e4 g6 2. d4 Bg7 3. Nc3 c6 4. Nf3 d5 5. h3 dxe4 6. Nxe4 Nd7 7. Bc4 Ngf6 8. Ng3 O-O 9. O-O c5 10. Be3 Nb6 11. Be2 Nfd5 12. Bg5 Na4 13. c4 Ndb6 14.
dxc5 Nd7 15. Qxa4 Nxc5 16. Qb4 Qc7 17. Rfe1 a5 18. Qd2 e5 19. Bh6 Bh8 20. Bxf8 Kxf8 21. Qh6+ Bg7 22. Qxh7 e4 23. Ng5 Qf4 24. N3xe4 Nxe4 25. Nxe4 Qxe4 26. Rad1 Be6 27. Bg4 Qxc4 28. Bxe6 fxe6 29.
Qxg6 Re8 30. Rd7 e5 31. Qxg7# 1-0

[Event "*** Titled Tuesday Blitz"]
[Site "Chess.com"]
[Date "2020.05.12"]
[Round "7"]
[White "CrushingKings"]
[Black "Lestofante90"]
[Result "1-0"]
[WhiteElo "2499"]
[BlackElo "2635"]
[TimeControl "180+1"]
[EndTime "11:14:09 PDT"]
[Termination "CrushingKings won by resignation"]

1. e4 c6 2. Nf3 d5 3. Nc3 g6 4. d4 Bg7 5. h3 f6 6. Bd3 Nh6 7. Be3 Nf7 8. Qd2 O-O 9. O-O-O b5 10. h4 Bg4 11. h5 Bxh5 12. Rxh5 gxh5 13. Rh1 b4 14.
Ne2 dxe4 15. Bxe4 Nd6 16. Bd3 Qa5 17. Kb1 Nd7 18. Ng3 f5 19. Rxh5 Nf6 20. Rg5 h6 21.
Rxg7+ Kxg7 22. Bxh6+ Kf7 23. Ne5+ Ke8 24. Bxf8 Kxf8 25.
Qh6+ Kg8 26. Bc4+ Nd5 27. Nh5 1-0

[Event "*** Titled Tuesday Blitz"]
[Site "Chess.com"]
[Date "2020.05.12"]
[Round "7"]
[White "Anton_Demchenko"]
[Black "Poghosyan_Suren"]
[Result "1-0"]
[WhiteElo "2815"]
[BlackElo "2502"]
[TimeControl "180+1"]
[EndTime "11:14:14 PDT"]
[Termination "Anton_Demchenko won on time"]

1. d4 Nf6 2. Nf3 c5 3. d5 e6 4. Nc3 exd5 5. Nxd5 Nxd5 6. Qxd5 Be7 7. e4 d6 8. Bc4 O-O 9. O-O Be6 10. Qd3 Nc6 11.
c3 Ne5 12. Nxe5 dxe5 13. Qe2 Bxc4 14. Qxc4 Qb6 15. a4 1-0

[Event "*** Titled Tuesday Blitz"]
[Site "Chess.com"]
[Date "2020.05.12"]
[Round "7"]
[White "ketster"]
[Black "mbachez"]
[Result "0-1"]
[WhiteElo "2288"]
[BlackElo "2486"]
[TimeControl "180+1"]
[EndTime "11:14:17 PDT"]
[Termination "mbachez won by resignation"]

1. d4 Nf6 2. c4 Nc6 3. Nf3 e6 4. a3 d6 5. g3 g6 6. Bg2 Bg7 7. Nc3 O-O 8. O-O Re8 9. e4 e5 10. d5 Nd4 11. Be3 Bg4 12. b4 Nd7 13. Nb1 f5 14.
Nbd2 Nf6 15. exf5 Nxf5 16. Bg5 h6 17. Be3 Nxe3 18. fxe3 e4 19. h3 exf3 20. hxg4 fxg2 21. Kxg2 Rxe3 22. Nf3 Nxg4 23. Ra2 Qe7 24. Rd2 Rf8 25. Nd4 Qe4+ 26. Kh3 Rxf1 27. Qxf1 Be5 28. Nf3 Rxf3 0-1

[Event "*** Titled Tuesday Blitz"]
[Site "Chess.com"]
[Date "2020.05.12"]
[Round "7"]
[White "SamuelGhimpu2003"]
[Black "Mykola-Bortnyk"]
[Result "0-1"]
[WhiteElo "2711"]
[BlackElo "2884"]
[TimeControl "180+1"]
[EndTime "11:14:27 PDT"]
[Termination "Mykola-Bortnyk won by resignation"]

1. d4 Nf6 2. c4 e6 3. Nc3 d5 4. Nf3 Bb4 5. cxd5 exd5 6. Bf4 O-O 7. Rc1 c5 8. dxc5 Nc6 9. e3 Re8 10. Be2 Bxc5 11. O-O Be6 12. Bg5 Be7 13. Nd4 h6 14.
Bh4 Rc8 15. Bd3 Ne5 16. Bb1 a6 17. h3 Qd7 18. Nxe6 fxe6 19. Qc2 b5 20. Bxf6 Bxf6 21.
Qe2 b4 22. f4 Nf7 0-1